 Dungeon Crawl Stone Soup version 0.31-a0-507-gbafd7f5274 (webtiles) character file.

Game seed: 7882547978764676051

1059 spiderkeys the Sneak (level 8, -4/44 (48) HPs)
             Began as a Kobold Artificer on Aug 9, 2023.
             Was a Priest of Ru.
             Killed by divine providence
             ... invoked by an orc priest
              (13 damage)
             ... on level 5 of the Dungeon.
             The game lasted 00:10:32 (5103 turns).

spiderkeys the Sneak (Kobold Artificer)             Turns: 5103, Time: 00:10:32

HP:   -4/44 (48)    AC:  9    Str:  9    XL:     8   Next: 51%
MP:   8/8           EV: 10    Int: 12    God:    Ru [***...]
Gold: 178           SH:  0    Dex: 18    Spells: 7/7 levels left

rFire   . . .        y - +2 dagger (venom)
rCold   . . .        (shield unavailable)
rNeg    . . .        v - +3 ring mail
rPois   .            (no helmet)
rElec   .            s - +0 cloak
rCorr   .            (no gloves)
SInv    .            (no boots)
Will    .....        (no amulet)
Stlth   ++++         (ring unavailable)
HPRegen 0.27/turn    Z - ring of wizardry
MPRegen 0.11/turn

%: wizardry (x1)
@: drained
A: small, no large weapons, nightstalker 3, missing a hand, reduced EV 1
a: Renounce Religion, Draw Out Power


You were on level 5 of the Dungeon.
You worshipped Ru.
Ru was most pleased with you.
You visited 1 branch of the dungeon, and saw 5 of its levels.

You collected 178 gold pieces.


Innate Abilities, Weirdness & Mutations

You are small and have problems with some larger weapons.
You are completely attuned to the shadows.
You are missing a hand.
You have somewhat slow reflexes. (EV -5)


   Skills:
 + Level 4.6 Fighting
 + Level 5.9 Short Blades
 - Level 1.0 Throwing
 - Level 1.3 Armour
 + Level 5.4 Dodging
 + Level 7.2 Stealth
 - Level 4.0 Evocations


You had 7 spell levels left.
You didn't know any spells.
Your spell library contained the following spells:

 Spells                   Type           Power      Damage    Failure   Level
 Lesser Beckoning         Tloc           0%         N/A       45%         2
 Gell's Gravitas          Tloc           0%         N/A       69%         3
 Hailstorm                Conj/Ice       0%         3d3       69%         3
 Portal Projectile        Hex/Tloc       0%         N/A       69%         3
 Teleport Other           Tloc           0%         N/A       69%         3
 Tukima's Dance           Hex            0%         N/A       69%         3
 Vhi's Electric Charge    Tloc/Air       0%         N/A       69%         3
 Iskenderun's Mystic Bla  Conj/Tloc      0%         2d3       97%         4
 Summon Ice Beast         Ice/Summ       0%         N/A       97%         4
 Arcjolt                  Conj/Air       0%         1d10      100%        5
 Simulacrum               Ice/Necr       0%         N/A       100%        6
 Maxwell's Capacitive Co  Air            0%         ∞         100%        8

Inventory:

Hand Weapons
 a - a +0 club
 m - a +0 dagger of venom
   (You took it off a kobold on level 2 of the Dungeon)
 y - a +2 dagger of venom (weapon)
   (You took it off a kobold on level 4 of the Dungeon)
Missiles
 g - 19 poisoned darts
 l - 54 stones
 w - 7 boomerangs
Armour
 b - a +0 leather armour
 s - a +0 cloak (worn)
   (You found it on level 3 of the Dungeon)
 v - a +3 ring mail (worn)
   (You found it on level 3 of the Dungeon)
Jewellery
 o - a ring of willpower
   (You found it on level 2 of the Dungeon)
 Z - a ring of wizardry (right hand)
   (You found it on level 2 of the Dungeon)
Wands
 c - a wand of flame (10) (quivered)
 d - a wand of charming (10)
 e - a wand of iceblast (5)
Scrolls
 f - a scroll of amnesia {unknown}
 h - a scroll of identify {unknown}
 k - a scroll of noise {unknown}
 r - 3 scrolls of teleportation {unknown}
 t - a scroll of poison {unknown}
Potions
 i - a potion of heal wounds {unknown}
 j - a potion of haste {unknown}
 n - a potion of lignification {!q}
 p - a potion of invisibility {unknown}
 q - a potion of mutation {unknown}
 u - a potion of curing {unknown}
 x - a potion of might {unknown}

Dungeon Overview and Level Annotations

Branches:
Dungeon (5/15) Zot: 24908  Temple (0/1) D:4

Altars:
Ashenzari
Elyvilon
Ru
Trog
Uskayaw

Shops:
D:2 *

Annotations:
D:3 3 runed translucent doors, sunglassesatnite's ghost, amateur MfGl

#...........
##...###....
## #...##
..#.
#.###..## ..
#.#..##
#...# #..##
#...##
#.@..#
#o{)...
#......
#......
.......


You could see an orc priest (very poisoned).


Message History

Items here: ))))) [[.
Key pressed, stopping explore.
Found a stone staircase leading up.
Key pressed, stopping explore.
Partly explored, can't reach some places.
Partly explored, can't reach some places.
Partly explored, can't reach some places.
There is a staircase to the Ecumenical Temple here.
There is an escape hatch in the floor here.
There is a stone staircase leading down here.
You climb downwards.
There is a stone staircase leading up here.
Found a stone staircase leading down.
An orc priest comes into view. It is wielding a +0 hand axe.
An orc priest is nearby!
An orc priest is nearby!
An orc comes into view. It is wielding a +0 dagger.
The orc shouts!
The orc priest shouts!
You hear a shout! x2
An orc priest and an orc wizard come into view.
The orc wizard is wielding a +2 dagger of draining.
The orc wizard shouts!
You hit the orc.
The orc is poisoned.
You hit the orc but do no damage.
The orc looks as sick as possible!
You barely miss the orc.
You kill the orc!
The orc priest mumbles some strange prayers to Beogh against you.
Beogh smites you! 😮 HP[-12]
You take 12 damage, and now have 36/48 hp.
MASSIVE DAMAGE!! (PAUSE)
You hit the orc priest but do no damage.
The orc priest is poisoned. 😕 HP[+1]
You barely miss the orc priest.
The orc wizard casts a spell.
The orc wizard flickers and vanishes!
Deactivating autopickup; reactivate with Ctrl-A.
The orc priest hits you with a +0 club. The orc priest misses you. 😮 HP[-2]
You take 2 damage, and now have 35/48 hp.
You hit the orc priest but do no damage.
The orc priest is poisoned.
The orc priest closely misses you. Something hits you but does no damage.
You feel drained.
The orc priest hits you but does no damage.
You now have 47 max hp (-1).
You hit something but do no damage. Something hits you but does no damage.
You feel drained.
The orc priest begins to pray, but is stunned by your conviction!
The orc priest invokes the aid of Beogh against you.
Pain shoots through your body! 😮 HP[-8]
You now have 46 max hp (-1).
You take 8 damage, and now have 27/46 hp.
You completely miss something. You hit something.
The orc priest barely misses you. The orc priest closely misses you.
Something hits you.
You feel drained. 😮 HP[-1]
You now have 45 max hp (-1).
You hit something but do no damage.
You hear some strange, mumbled words.
Something tries to affect you, but you resist.
The orc priest invokes the aid of Beogh against you.
Pain shoots through your body!
* * * LOW HITPOINT WARNING * * *
The orc priest hits you but does no damage. 😨 HP[-9]
You take 9 damage, and now have 17/45 hp.
You hit something. You hit something but do no damage.
The orc priest hits you with a +0 club.
* * * LOW HITPOINT WARNING * * *
The orc priest begins to pray, but is stunned by your conviction! 😨 HP[-4]
You take 4 damage, and now have 13/45 hp.
Unknown command.
You barely miss something.
The orc priest calls upon Beogh to heal the orc priest.
You redirect the orc priest's attack!
The orc priest barely misses something.
The orc priest barely misses you.
You hear some strange, mumbled words.
A magic dart appears from out of thin air!
The magic dart hits you.
* * * LOW HITPOINT WARNING * * *
😱 HP[-5]
You take 5 damage, and now have 8/45 hp.
You hit the orc priest.
The orc priest looks as sick as possible!
The orc priest hits you but does no damage.
The orc priest looks satisfied for a moment.
Something hits you but does no damage.
You feel drained. 😱 HP[+1]
You now have 44 max hp (-1).
You hit the orc priest.
The orc priest looks even sicker.
You barely miss the orc priest.
You kill the orc priest!
The orc priest calls down the wrath of Beogh upon you.
Beogh smites you!
You die...

Skill      XL: |  1  2  3  4  5  6  7  8 |
---------------+-------------------------+-----
Armour         | 1 |  1.3
Stealth        | 2 3 4 5 6 7 |  7.2
Evocations     | 4 |  4.0
Dodging        | 3 5 |  5.4
Fighting       | 2 4 |  4.6
Throwing       | 1 |  1.0
Short Blades   | 2 3 4 5 |  5.9

Action                     |  1- 3 |  4- 6 |  7- 9 || total
---------------------------+-------+-------+-------++-------
  Melee: Club              |   129 |     2 |       ||   131
         Dagger            |       |   143 |   127 ||   270
  Throw: Dart              |     4 |       |       ||     4
         Stone             |     1 |       |       ||     1
 Invoke: Sacrifice a Hand  |     1 |       |       ||     1
         Sacrifice Health  |       |     1 |       ||     1
         Draw Out Power    |       |       |     1 ||     1
  Evoke: Wand              |     4 |     6 |       ||    10
    Use: Potion            |       |     1 |       ||     1
   Stab: Sleeping          |     7 |    16 |     5 ||    28
         Invisible         |       |       |     2 ||     2
         Distracted        |       |       |     1 ||     1
 Armour: Leather armour    |    21 |    10 |       ||    31
         Skin              |       |    61 |       ||    61
         Ring mail         |       |       |    40 ||    40
  Dodge: Dodged            |   101 |    77 |    37 ||   215

Levels and vault maps discovered:
D:1:      amcnicky_arrival_blooded_trapdoor, layout_rooms,
          ebering_ecumenical_altar_hall
D:2:      cheibrodos_pilgrimage, layout_loops_corners, serial_shops,
          nicolae_shop_crystal, minmay_pentomino_q4
D:3:      layout_loops_corners, nicolae_elyvilon_peaceful_grove,
          ebering_ghost_rock_garden, minmay_door_square
D:4:      layout_basic, kennysheep_mini, gammafunk_temple_overflow_statue,
          lemuel_temple_firewalk_a, grunt_ministairs_13, uniq_pikel
D:5:      layout_layer_cave, lemuel_round_altar, hangedman_decor_points,
          uniq_eustachio, uniq_prince_ribbit1

Notes
Turn   | Place    | Note
-------+----------+-------------------------------------------
     0 | D:1      | spiderkeys the Kobold Artificer began the quest for the
                  | Orb.
     0 | D:1      | Reached XP level 1. HP: 12/12 MP: 1/1
     0 | D:1      | magus.rc [v1.11.6]
   174 | D:1      | HP: 3/12 [jackal (2)]
   229 | D:1      | Found a faded altar of an unknown god.
   235 | D:1      | Prayed at the altar of an unknown god.
   235 | D:1      | Became a worshipper of Ru the Awakened
   245 | D:1      | Gained mutation: You are missing a hand. [Ru sacrifice]
   245 | D:1      | Reached * piety under Ru
   245 | D:1      | Reached ** piety under Ru
   251 | D:1      | Reached skill level 1 in Armour
   251 | D:1      | Reached XP level 2. HP: 14/16 MP: 2/2
   327 | D:1      | HP: 4/16 [frozen (5)]
   416 | D:1      | You add the spells Vhi's Electric Charge, Arcjolt and
                  | Maxwell's Capacitive Coupling to your library.
   502 | D:1      | Reached skill level 2 in Stealth
   822 | D:2      | Found Gyrhiq's General Store.
   839 | D:2      | Reached XP level 3. HP: 20/20 MP: 3/3
   872 | D:2      | Reached skill level 4 in Evocations
   913 | D:2      | Reached skill level 3 in Dodging
   921 | D:2      | HP: 3/21 [frozen (5)]
  1075 | D:2      | Reached XP level 4. HP: 12/26 MP: 4/4
  1291 | D:2      | Reached skill level 2 in Fighting
  1324 | D:2      | You fall into a shaft and drop 1 floor!
  1335 | D:3      | You add the spells Lesser Beckoning, Gell's Gravitas and
                  | Teleport Other to your library.
  1525 | D:3      | Reached skill level 1 in Throwing
  1558 | D:3      | Reached skill level 1 in Short Blades
  1597 | D:2      | Reached skill level 3 in Stealth
  1749 | D:2      | HP: 6/26 [poisoned by a goblin]
  1843 | D:2      | You add the spells Hailstorm, Summon Ice Beast and
                  | Simulacrum to your library.
  2067 | D:2      | Reached skill level 2 in Short Blades
  2067 | D:2      | Reached XP level 5. HP: 30/30 MP: 5/5
  2188 | D:2      | Reached skill level 4 in Stealth
  2701 | D:3      | Reached skill level 3 in Short Blades
  2874 | D:3      | Found a white marble altar of Elyvilon.
  3136 | D:3      | Reached XP level 6. HP: 15/35 MP: 6/6
  3324 | D:3      | Found a runed translucent gate.
  3325 | D:3      | Found a runed translucent gate.
  3327 | D:3      | Found a runed translucent gate.
  3494 | D:3      | Gained mutation: You have somewhat slow reflexes. (EV -5)
                  | [Ru sacrifice]
  3494 | D:3      | Reached *** piety under Ru
  3599 | D:3      | Noticed sunglassesatnite's ghost (amateur MfGl)
  3687 | D:4      | Reached skill level 4 in Short Blades
  3687 | D:4      | Reached skill level 5 in Stealth
  3696 | D:4      | Reached XP level 7. HP: 25/40 MP: 7/7
  3845 | D:4      | Reached skill level 3 in Fighting
  4068 | D:4      | Found a hide-covered altar of Uskayaw.
  4069 | D:4      | Found a broken altar of Ashenzari.
  4074 | D:4      | Reached skill level 4 in Dodging
  4116 | D:4      | You add the spells Tukima's Dance, Portal Projectile and
                  | Iskenderun's Mystic Blast to your library.
  4309 | D:4      | Noticed Pikel
  4319 | D:4      | HP: 1/41 [Pikel/+2 whip of electrocution (20)]
  4327 | D:4      | Killed Pikel
  4328 | D:4      | Reached skill level 4 in Fighting
  4328 | D:4      | Reached skill level 5 in Short Blades
  4328 | D:4      | Reached skill level 5 in Dodging
  4328 | D:4      | Reached skill level 6 in Stealth
  4328 | D:4      | Reached XP level 8. HP: 16/48 MP: 8/8
  4489 | D:4      | Reached skill level 7 in Stealth
  4725 | D:4      | Found a staircase to the Ecumenical Temple.
  4828 | D:4      | Found a bloodstained altar of Trog.
  5063 | D:5      | Entered Level 5 of the Dungeon
  5100 | D:5      | HP: 8/45 [something/magic dart (5)]
  5103 | D:5      | Killed from afar by an orc priest

Vanquished Creatures
  Pikel (D:4)
  A centaur (D:4)
  A lemure (D:4)
  A scorpion (D:4)
  A jelly (D:4)
  2 orc priests
  A sleepcap (D:4)
  An iguana (D:3)
  6 orc wizards (D:4)
  A gnoll (D:2)
  10 adders
  A dart slug (D:1)
  15 orcs
  4 bats
  6 endoplasms
  4 giant cockroaches
  5 goblins
  8 hobgoblins
  3 jackals (D:1)
  8 kobolds
  A quokka (D:3)
  6 ball pythons
  6 frilled lizards
  3 rats
96 creatures vanquished.

Vanquished Creatures (collateral kills)
  A gnoll (D:2)
  An orc (D:2)
2 creatures vanquished.

Vanquished Creatures (others)
  2 orc wizards
  A gnoll (D:2)
  A dart slug (D:4)
  An orc (D:4)
  A jackal (D:1)
  A quokka (D:1)
7 creatures vanquished.

Grand Total: 105 creatures vanquished

Table legend:
 A = Non-vault XP
 B = Vault XP
 C = Vault XP percentage of total XP
 D = Non-vault monster count
 E = Vault monster count
 F = Vault count percentage of total count
                 A         B        C        D         E       F
            +---------+---------+-------+---------+---------+-------
      Total |     648 |     905 |  58.3 |      84 |      15 |  15.2
            +---------+---------+-------+---------+---------+-------
        D:1 |      27 |       0 |   0.0 |      15 |       0 |   0.0
        D:2 |     114 |      60 |  34.5 |      22 |       9 |  29.0
        D:3 |     115 |       0 |   0.0 |      20 |       0 |   0.0
        D:4 |     349 |     845 |  70.8 |      25 |       6 |  19.4
        D:5 |      43 |       0 |   0.0 |       2 |       0 |   0.0
            +---------+---------+-------+---------+---------+-------

Skill      XL: |  1  2  3  4  5  6  7  8 |
---------------+-------------------------+-----
Armour         | 1 |  1.3
Stealth        | 2 3 4 5 6 7 |  7.2
Evocations     | 4 |  4.0
Dodging        | 3 5 |  5.4
Fighting       | 2 4 |  4.6
Throwing       | 1 |  1.0
Short Blades   | 2 3 4 5 |  5.9

Action                     |  1- 3 |  4- 6 |  7- 9 || total
---------------------------+-------+-------+-------++-------
  Melee: Club              |   129 |     2 |       ||   131
         Dagger            |       |   143 |   127 ||   270
  Throw: Dart              |     4 |       |       ||     4
         Stone             |     1 |       |       ||     1
 Invoke: Sacrifice a Hand  |     1 |       |       ||     1
         Sacrifice Health  |       |     1 |       ||     1
         Draw Out Power    |       |       |     1 ||     1
  Evoke: Wand              |     4 |     6 |       ||    10
    Use: Potion            |       |     1 |       ||     1
   Stab: Sleeping          |     7 |    16 |     5 ||    28
         Invisible         |       |       |     2 ||     2
         Distracted        |       |       |     1 ||     1
 Armour: Leather armour    |    21 |    10 |       ||    31
         Skin              |       |    61 |       ||    61
         Ring mail         |       |       |    40 ||    40
  Dodge: Dodged            |   101 |    77 |    37 ||   215

Illustrated notes

Table legend:
 A = Kills in this place as a percentage of kills in the entire game.
 B = Kills by you in this place as a percentage of kills by you in the entire game.
 C = Kills by friends in this place as a percentage of kills by friends in the entire game.
 D = Other kills in this place as a percentage of other kills in the entire game.
 E = Experience gained in this place as a percentage of experience gained in the entire game.
 F = Experience gained in this place divided by the number of levels of this place that you have seen.
                   A       B       C       D       E      F
               +-------+-------+-------+-------+-------+----------------------
         Total | 100.0 | 100.0 | 100.0 | 100.0 | 100.0 | 310.6
       Dungeon | 100.0 | 100.0 | 100.0 | 100.0 | 100.0 | 310.6
               +-------+-------+-------+-------+-------+----------------------

Table legend: (Time is in decaauts)
 A = Elapsed time spent in this place.
 B = Non-inter-level travel time spent in this place.
 C = Inter-level travel time spent in this place.
 D = Time resting spent in this place.
 E = Time spent auto-exploring this place.
 F = Levels seen in this place.
 G = Mean time per level.
                   A        B        C        D        E       F      G
               +--------+--------+--------+--------+--------+-----+--------+
         Total |   5090 |   4925 |    165 |    300 |   3826 |   5 | 1018.0 |
       Dungeon |   5090 |   4925 |    165 |    300 |   3826 |   5 | 1018.0 |
               +--------+--------+--------+--------+--------+-----+--------+

Top non-repeatable levels by time:
     D:2: 1552 daAuts
     D:4: 1370 daAuts
     D:3: 1286 daAuts
     D:1: 845 daAuts
     D:5: 35 daAuts
